 Dungeon Crawl Stone Soup version 0.30-a0-739-gea05faddec (webtiles) character file.

Game seed: 17344886665751689341

208 ParallaxScroll the Chopper (level 5, -1/35 HPs)
             Began as an Octopode Transmuter on Feb 4, 2023.
             Was an Initiate of Okawaru.
             Killed from afar by Dowan (12 damage)
             ... with a stone arrow
             ... on level 4 of the Dungeon.
             The game lasted 00:14:30 (2636 turns).

ParallaxScroll the Chopper (Octopode Transmuter)    Turns: 2636, Time: 00:14:30

Health: -1/35      AC:  1    Str: 13    XL:     5   Next: 86%
Magic:  6/8        EV: 13    Int: 17    God:    Okawaru [......]
Gold:   109        SH:  0    Dex: 12    Spells: 5/8 levels left

rFire   . . .      SeeInvis +    a - +6 war axe of Hemeoh {heavy, rPois Str+3 SInv}
rCold   . . .      Faith    .    (no shield)
rNeg    . . .      Spirit   .    (helmet currently unavailable)
rPois   +          Reflect  .    (no amulet)
rElec   .          Harm     .    (no ring)
rCorr   .          Rampage  .    (no ring)
Will    .....                    (no ring)
Stlth   +                        (no ring)
HPRegen 0.25/turn                (no ring)
MPRegen 0.11/turn                (no ring)
                                 (no ring)
                                 (no ring)

@: mighty, lit by a corona, appendages (expiring), wereblooded, glowing
A: tentacle spike 3, almost no armour, amphibious, 8 rings, camouflage 1,
gelatinous body 1, (nimble swimmer 1), tentacles
a: End Transformation, Renounce Religion


You were on level 4 of the Dungeon.
You worshipped Okawaru.
Okawaru was noncommittal.
One of your tentacles had grown a beastly spike.
You visited 1 branch of the dungeon, and saw 4 of its levels.

You collected 109 gold pieces.

Inventory:

Hand Weapons
 a - the +6 war axe of Hemeoh (weapon) {heavy, rPois Str+3 SInv}
   (You found it on level 2 of the Dungeon)

   Str:       It affects your strength (+3).
   rPois:     It protects you from poison.
   SInv:      It lets you see invisible.
 c - a +0 short sword
 e - a +0 dagger
 k - a +0 dagger
 m - a +0 short sword
 n - a +3 spear
 r - a +1 whip of draining
 s - a +0 trident
Missiles
 d - 6 atropa-tipped darts (quivered)
 i - 20 stones
Scrolls
 f - 2 scrolls of teleportation
 g - a scroll of acquirement {unknown}
 h - a scroll of torment {unknown}
 p - a scroll of blinking {unknown}
 u - 2 scrolls of enchant weapon {unknown}
Potions
 l - 4 potions of lignification
 o - 2 potions of curing
 t - a potion of heal wounds {unknown}
 v - a potion of flight {unknown}


   Skills:
 + Level 2.3 Fighting
 + Level 4.1 Axes
 - Level 2.0 Dodging
 + Level 1.5 Stealth
 - Level 3.0 Unarmed Combat
 - Level 2.0 Spellcasting
 + Level 2.9 Transmutations


You had 5 spell levels left.
You knew the following spells:

 Your Spells              Type           Power      Damage    Failure   Level
a - Beastly Appendage     Tmut           22%        N/A       6%          1
b - Wereblood             Tmut           11%        N/A       9%          2

Your spell library contained the following spells:

 Spells                   Type           Power      Damage    Failure   Level
 Spider Form              Tmut/Pois      6%         N/A       32%         3
 Ice Form                 Ice/Tmut       6%         N/A       71%         4
 Alistair's Intoxication  Tmut/Pois      4%         N/A       96%         5
 Borgnjor's Vile Clutch   Necr/Erth      0%         N/A       99%         5
 Eringya's Noxious Bog    Tmut/Pois      3%         N/A       100%        6
 Orb of Destruction       Conj           0%         9d5       100%        7
 Summon Guardian Golem    Hex/Summ       Unusable   N/A       N/A         3
 Spellforged Servitor     Conj/Summ      Unusable   N/A       N/A         7

Dungeon Overview and Level Annotations

Branches:
Dungeon (4/15)             Temple (0/1) D:4

Altars:
Okawaru
Trog

Annotations:
D:4 Dowan


Innate Abilities, Weirdness & Mutations

One of your tentacles has grown a beastly spike.
You cannot wear most types of armour.
You are amphibious.
You can wear up to eight rings at the same time.
Your skin changes colour to match your surroundings (Stealth+).
Your rubbery body absorbs attacks. (AC +1, EV +1)
((You are camouflaged when in or above water. (Stealth+)))
You have tentacles for arms and can constrict up to eight enemies at once.


Message History

Press: ? - help, Q - select action, (/) - cycle Shift-Dir - straight line, f - Dowan
Aim: Dowan, wielding a +0 dagger and wearing a +0 robe (46% to hit, chance to blind on hit: 75%)
You throw an atropa-tipped dart.
The atropa-tipped dart closely misses Duvessa.
The atropa-tipped dart barely misses Dowan.
The goblin shoots a sling bullet.
The sling bullet barely misses you.
Throw: 7 darts (atropa)
Press: ? - help, Q - select action, (/) - cycle Shift-Dir - straight line, f - Duvessa, p - Dowan
Aim: Duvessa, wielding a +0 short sword and wearing a +0 leather armour (61% to hit, chance to blind on hit: 51%)
You throw an atropa-tipped dart.
The atropa-tipped dart barely misses Duvessa.
Duvessa says, "My weaknesses are his strengths!"
You slash Duvessa! Your grab misses Duvessa.
You pierce Duvessa.
You squeeze Duvessa.
Duvessa is moderately wounded.
Your transformation is almost over.
Duvessa hits you but does no damage.
Dowan casts a spell at Duvessa.
Duvessa seems to speed up.
Duvessa hits you with a +0 short sword!
You barely miss Duvessa. Your grab misses Duvessa. Your squeeze misses Duvessa.
Duvessa is moderately wounded.
Duvessa closely misses you. Duvessa hits you with a +0 short sword!
Duvessa barely misses you.
You feel very mighty all of a sudden.
Duvessa says, "My weaknesses are his strengths!"
Duvessa misses you.
You slice Duvessa!! You grab Duvessa.
Duvessa is almost dead.
You constrict Duvessa, but do no damage.
Duvessa misses you.
Duvessa hits you with a +0 short sword. x2
* * * LOW HITPOINT WARNING * * *
You slice Duvessa!!
You feel a bit better.
You kill Duvessa!
Okawaru accepts your kill.
Dowan seems overcome with grief.
Dowan seems to find hidden reserves of power!
You howl as the wereblood boils in your veins!
Dowan casts a spell at you. The stone arrow hits you!
You die... ......###.#.# ................ #...........# #. #.#########.#.#. #.....#####.# #. #.# #.#.#. #≈≈.≈≈# .... ..# #.#... #)≈.≈)# .#.#..# #.#..# #≈≈.≈≈# #.(.. #.#... #..8..# ge.

###.###. #.8_8.# #)# #...# #.
#..8..##########@# #.### #.
#######..........# #.# #.
#...#########.# #.# #. ##.## #.#
#.# #. #.# #.# #.# #. #.##.#
####.## ##.## #. ##.##.## #.....#
###...####. ...#...######.....###
#..........
>....#...†..............#...####.


You could see Dowan (fast) and a goblin.

Vanquished Creatures
  Duvessa (D:4)
  2 orc priests (D:3)
  An orc wizard (D:3)
  4 adders
  A worm (D:3)
  2 dart slugs
  13 orcs
  10 endoplasms
  3 giant cockroaches
  8 goblins
  5 hobgoblins
  4 quokkas
  4 ball pythons
  4 bats
  A frilled lizard (D:3)
  4 kobolds
  5 rats
72 creatures vanquished.

Notes
Turn   | Place    | Note
-------+----------+-------------------------------------------
     0 | D:1      | ParallaxScroll the Octopode Transmuter began the quest for
                  | the Orb.
     0 | D:1      | Reached XP level 1. HP: 13/13 MP: 3/3
   181 | D:1      | Reached XP level 2. HP: 14/18 MP: 3/5
   184 | D:1      | Learned a level 2 spell: Wereblood
   808 | D:2      | Reached XP level 3. HP: 24/24 MP: 3/6
   845 | D:2      | Identified the +6 war axe of Hemeoh {heavy, rPois Str+3
                  | SInv}
  1130 | D:2      | Reached skill level 1 in Axes
  1508 | D:3      | Reached skill level 2 in Axes
  1516 | D:3      | Reached XP level 4. HP: 29/29 MP: 4/7
  1636 | D:3      | Reached skill level 3 in Axes
  1641 | D:3      | Reached XP level 5. HP: 19/34 MP: 5/8
  1861 | D:3      | Reached skill level 4 in Axes
  2116 | D:4      | Reached skill level 1 in Stealth
  2189 | D:4      | Found an iron altar of Okawaru.
  2205 | D:4      | Became a worshipper of Warmaster Okawaru
  2222 | D:4      | Noticed Duvessa
  2259 | D:4      | Found a bloodstained altar of Trog.
  2316 | D:4      | Found a staircase to the Ecumenical Temple.
  2626 | D:4      | Noticed Dowan
  2636 | D:4      | Killed Duvessa
  2636 | D:4      | Killed from afar by Dowan

Illustrated notes

Levels and vault maps discovered:
D:1:      dpeg_arrival_three_smaller_balls, layout_basic
D:2:      layout_basic
D:3:      layout_rooms
D:4:      layout_loops_ring, kennysheep_okawaru_gauntlet, lemuel_doored_altar,
          minmay_temple_entry_statues_fountains, uniq_duvessa

Skill      XL: |  1  2  3  4  5 |
---------------+----------------+-----
Fighting       | 2 |  2.3
Axes           | 2 3 4 |  4.1
Stealth        | 1 |  1.5
Dodging        | |  2.0
Unarmed Combat | |  3.0
Spellcasting   | |  2.0
Transmutations | |  2.9

Action                     |  1- 3 |  4- 6 || total
---------------------------+-------+-------++-------
  Melee: Unarmed           |    38 |       ||    38
         Kick              |    16 |    12 ||    28
         Constrict         |    17 |    12 ||    29
         Tentacles         |     8 |     7 ||    15
         War axe           |    27 |    49 ||    76
         Punch             |       |     1 ||     1
  Throw: Dart              |       |     2 ||     2
   Cast: Beastly Appendage |    21 |    17 ||    38
         Wereblood         |    15 |    16 ||    31
    Use: Scroll            |       |     4 ||     4
         Potion            |       |     1 ||     1
   Stab: Sleeping          |     9 |     3 ||    12
 Armour: Skin              |     5 |     3 ||     8
  Dodge: Dodged            |    24 |    32 ||    56

Table legend: (Time is in decaauts)
 A = Elapsed time spent in this place.
 B = Non-inter-level travel time spent in this place.
 C = Inter-level travel time spent in this place.
 D = Time resting spent in this place.
 E = Time spent auto-exploring this place.
 F = Levels seen in this place.
 G = Mean time per level.
                   A        B        C        D        E       F      G
               +--------+--------+--------+--------+--------+-----+--------+
         Total |   2707 |   2631 |     76 |    480 |   1533 |   4 |  676.8 |
       Dungeon |   2707 |   2631 |     76 |    480 |   1533 |   4 |  676.8 |
               +--------+--------+--------+--------+--------+-----+--------+

Top non-repeatable levels by time:
     D:2: 823 daAuts
     D:1: 687 daAuts
     D:3: 632 daAuts
     D:4: 564 daAuts
